 Dungeon Crawl Stone Soup version 0.31-a0-115-g4708a659fe (webtiles) character file.

Game seed: 10292115127416332313

690 Chodeload the Digger (level 7, -1/38 HPs)
             Began as a Deep Elf Wanderer on May 29, 2023.
             Was a Follower of Vehumet.
             Slain by Pikel
             ... wielding a +0 whip of flaming
              (4 damage)
             ... on level 4 of the Dungeon.
             The game lasted 00:16:11 (3746 turns).

Chodeload the Digger (Deep Elf Wanderer)            Turns: 3746, Time: 00:16:11

Health: -1/38      AC:  3    Str:  9    XL:     7   Next: 36%
Magic:  5/16       EV: 12    Int: 18    God:    Vehumet [*.....]
Gold:   199        SH:  0    Dex: 15    Spells: 11/16 levels left

rFire   + . .        a - +0 dagger
rCold   + . .        (no shield)
rNeg    . . .        d - +0 robe
rPois   .            (no helmet)
rElec   .            l - scarf {rC+ rF+}
rCorr   .            (no gloves)
SInv    +            q - +0 pair of boots
Will    .....        (no amulet)
Stlth   +++          j - ring of see invisible
HPRegen 0.26/turn    v - ring of flight
MPRegen 0.15/turn

%: no passive effects
@: flying
A: no striking features
a: Renounce Religion


You were on level 4 of the Dungeon.
You worshipped Vehumet.
Vehumet was aware of your devotion.
You visited 2 branches of the dungeon, and saw 5 of its levels.

You collected 199 gold pieces.

Inventory:

Hand Weapons
 a - a +0 dagger (weapon)
 b - a +2 flail of draining
Missiles
 g - 11 poisoned darts (quivered)
 k - 6 boomerangs of dispersal
 u - 2 atropa-tipped darts
Armour
 d - a +0 robe (worn)
 l - a scarf of resistance (worn)
 q - a +0 pair of boots (worn)
Jewellery
 j - a ring of see invisible (left hand)
 m - a ring of fire
 v - a ring of flight (right hand)
Scrolls
 c - 4 scrolls of teleportation
 e - 2 scrolls of vulnerability
 f - a scroll of poison {unknown}
 n - a scroll of fog {unknown}
 o - a scroll of amnesia {unknown}
 s - 2 scrolls of immolation {unknown}
 t - a scroll of noise {unknown}
 x - a scroll of blinking {unknown}
Potions
 h - a potion of might {unknown}
 i - a potion of cancellation
 p - a potion of mutation
 r - a potion of attraction
 w - a potion of lignification {unknown}
 z - a potion of heal wounds {unknown}


   Skills:
 - Level 1.0 Fighting
 + Level 2.2 Dodging
 + Level 4.9 Stealth
 - Level 1.0 Unarmed Combat
 - Level 5.0 Spellcasting
 - Level 5.0 Conjurations
 + Level 0.3 Fire Magic
 - Level 0.1 Ice Magic
 + Level 6.3 Earth Magic


You had 11 spell levels left.
You knew the following spells:

 Your Spells              Type           Power      Damage    Failure   Level
a - Sandblast             Erth           54%        2d13      1%          1
b - Magic Dart            Conj           88%        1d7       1%          1
c - Passwall              Tmut/Erth      12%        N/A       5%          2
d - Foxfire               Conj/Fire      56%        2x1d6     4%          1

Your spell library contained the following spells:

 Spells                   Type           Power      Damage    Failure   Level
 Dazzling Flash           Conj/Hex       26%        N/A       14%         3
 Call Imp                 Summ           8%         N/A       21%         2
 Mephitic Cloud           Conj/Pois/Air  10%        N/A       21%         3
 Petrify                  Tmut/Erth      15%        N/A       34%         4
 Ozocubu's Armour         Ice            5%         N/A       36%         3
 Agony                    Necr           4%         N/A       98%         5
 Silence                  Hex/Air        2%         N/A       98%         5
 Ozocubu's Refrigeration  Ice            2%         4d8       100%        7


Dungeon Overview and Level Annotations

Branches:
Dungeon (4/15)             Temple (1/1) D:4

Altars:
Cheibriados
Fedhas
Hepliaklqana
Okawaru
Qazlal
Sif Muna
Trog
Vehumet
Xom
Yredelemnul
Zin
The Shining One

Annotations:
D:4 Pikel, Sigmund


Message History

Pikel hits you with a +0 whip of flaming!
* * * LOW HITPOINT WARNING * * *
Pikel burns you.
* * * LOW HITPOINT WARNING * * *
Casting: Sandblast (safe; 1% risk of failure)
Confirm with . or Enter, or press ? or * to list all spells.
Aiming: Sandblast (safe; 1% risk of failure)
Press: ? - help, Shift-Dir - straight line, f/p - Pikel
Aim: Pikel, wielding a +0 whip of flaming and wearing a +0 robe (almost dead, 79% to hit)
The blast of sand misses Pikel.
Pikel waves his whip at you. Pikel closely misses you.
Casting: Sandblast (safe; 1% risk of failure)
Confirm with . or Enter, or press ? or * to list all spells.
Aiming: Sandblast (safe; 1% risk of failure)
Press: ? - help, Shift-Dir - straight line, f/p - Pikel
Aim: Pikel, wielding a +0 whip of flaming and wearing a +0 robe (almost dead, 79% to hit)
The blast of sand hits Pikel but does no damage.
Pikel is almost dead.
Pikel hits you with a +0 whip of flaming.
* * * LOW HITPOINT WARNING * * *
Pikel burns you.
* * * LOW HITPOINT WARNING * * *
Pikel barely misses you.
Casting: Sandblast (safe; 1% risk of failure)
Confirm with . or Enter, or press ? or * to list all spells.
Aiming: Sandblast (safe; 1% risk of failure)
Press: ? - help, Shift-Dir - straight line, f/p - Pikel
Aim: Pikel, wielding a +0 whip of flaming and wearing a +0 robe (almost dead, 79% to hit)
The blast of sand hits Pikel but does no damage.
Pikel is almost dead.
Pikel barely misses you.
Casting: Sandblast (safe; 1% risk of failure)
Confirm with . or Enter, or press ? or * to list all spells.
Aiming: Sandblast (safe; 1% risk of failure)
Press: ? - help, Shift-Dir - straight line, f/p - Pikel
Aim: Pikel, wielding a +0 whip of flaming and wearing a +0 robe (almost dead, 79% to hit)
The blast of sand misses Pikel.
Pikel hits you with a +0 whip of flaming.
You die...

#.#....# #.#
#...........# ..#....#
#.## ###.........#
)......###..#####
####......K...
..)....'........#
#.......[.5...
.......####.###.#
#......####..#
.....### #..##.#
#......####@## .....#
##....# #......'>...[.
.....#
####.####.)....####.##
.....#
##.@.....#........#<
.....#
#..K...#.#.#####..#.
.....#
#......#.#........#.
######
###......#.#..#..####.
#.......##.#..#.# #.
#.†........#..#.# #.
#.....<##..#..#.#####.
#......###.#.)......#.
#......# #.##..)..[...


You could see Pikel.

Vanquished Creatures
  Edmund (D:4)
  A black bear (D:4)
  4 lemures
  6 orc priests
  A hound (D:4)
  2 iguanas
  An orc wizard (D:4)
  A sleepcap (D:3)
  3 gnolls (D:4)
  5 adders
  2 ufetubi (D:4)
  2 worms
  2 dart slugs
  9 orcs
  6 ball pythons
  7 endoplasms
  A giant cockroach (D:2)
  4 hobgoblins
  10 jackals
  8 kobolds
  4 quokkas
  5 bats
  4 frilled lizards
  6 goblins
  5 rats
100 creatures vanquished.

Vanquished Creatures (others)
  4 foxfires (D:4)
4 creatures vanquished.

Grand Total: 104 creatures vanquished

Notes
Turn   | Place    | Note
-------+----------+-------------------------------------------
     0 | D:1      | Chodeload the Deep Elf Wanderer began the quest for the
                  | Orb.
     0 | D:1      | Chodeload set off with the following items: a +0 dagger, a
                  | +0 pair of boots, a scroll of teleportation, a +0 robe, a
                  | scroll of vulnerability; and the following spell memorised:
                  | Sandblast; and the following spells available to memorise:
                  | Passwall, Petrify.
     0 | D:1      | Reached XP level 1. HP: 12/12 MP: 5/5
   108 | D:1      | Reached XP level 2. HP: 16/16 MP: 7/7
  1046 | D:2      | Reached XP level 3. HP: 20/20 MP: 6/9
  1199 | D:2      | Found a basalt altar of Yredelemnul.
  1253 | D:2      | Reached skill level 1 in Conjurations
  1426 | D:2      | Reached skill level 5 in Earth Magic
  1953 | D:3      | Reached XP level 4. HP: 25/25 MP: 7/10
  2196 | D:3      | Reached XP level 5. HP: 20/29 MP: 5/11
  2359 | D:4      | Learned a level 1 spell: Magic Dart
  2423 | D:4      | Noticed Sigmund
  2449 | D:4      | Found a staircase to the Ecumenical Temple.
  2473 | D:4      | Reached skill level 6 in Earth Magic
  2473 | D:4      | Reached XP level 6. HP: 34/34 MP: 5/13
  2554 | Temple   | Entered the Ecumenical Temple
  2568 | Temple   | Became a worshipper of Vehumet
  2608 | D:4      | Noticed Edmund
  2652 | D:4      | Killed Edmund
  2770 | D:3      | Reached skill level 5 in Spellcasting
  3069 | D:3      | Reached skill level 5 in Conjurations
  3072 | D:3      | Learned a level 2 spell: Passwall
  3209 | D:4      | Reached skill level 1 in Dodging
  3209 | D:4      | Reached XP level 7. HP: 38/38 MP: 11/16
  3420 | D:4      | Reached * piety under Vehumet
  3420 | D:4      | Offered knowledge of Foxfire by Vehumet.
  3442 | D:4      | Learned a level 1 spell: Foxfire
  3550 | D:4      | Noticed Pikel
  3746 | D:4      | Slain by Pikel

Illustrated notes

Levels and vault maps discovered:
D:1:      eino_arrival_druids_welcome, layout_basic
D:2:      layout_loops_corners, basic_altar
D:3:      layout_basic
D:4:      layout_basic, minmay_temple_entry_drinking_statues,
          minmay_misc_feat_tower, minmay_misc_feat_encased, uniq_edmund,
          uniq_pikel, uniq_sigmund
Temple:   hellmonk_temple_of_storms

Skill      XL: |  1  2  3  4  5  6  7 |
---------------+----------------------+-----
Spellcasting   | 2 3 5 |  5.0
Stealth        | 4 |  4.9
Conjurations   | 1 2 3 5 |  5.0
Earth Magic    | 5 6 |  6.3
Dodging        | 1 2 |  2.2
Fighting       | |  1.0
Unarmed Combat | |  1.0
Fire Magic     | |  0.3
Ice Magic      | |  0.1

Action                     |  1- 3 |  4- 6 |  7- 9 || total
---------------------------+-------+-------+-------++-------
  Melee: Dagger            |     8 |     2 |     4 ||    14
  Throw: Dart              |     9 |     7 |     2 ||    18
   Cast: Sandblast         |    44 |    60 |    45 ||   149
         Magic Dart        |       |    14 |     6 ||    20
         Foxfire           |       |       |     2 ||     2
    Use: Scroll            |     3 |     1 |       ||     4
   Stab: Sleeping          |     6 |       |       ||     6
 Armour: Robe              |     4 |     8 |     6 ||    18
  Dodge: Dodged            |     7 |    10 |    25 ||    42

Table legend: (Time is in decaauts)
 A = Elapsed time spent in this place.
 B = Non-inter-level travel time spent in this place.
 C = Inter-level travel time spent in this place.
 D = Time resting spent in this place.
 E = Time spent auto-exploring this place.
 F = Levels seen in this place.
 G = Mean time per level.
                   A        B        C        D        E       F      G
               +--------+--------+--------+--------+--------+-----+--------+
         Total |   3818 |   3668 |    150 |    459 |   1978 |   5 |  763.6 |
       Dungeon |   3790 |   3652 |    138 |    459 |   1978 |   4 |  947.5 |
        Temple |     27 |     15 |     12 |      0 |      0 |   1 |   27.0 |
               +--------+--------+--------+--------+--------+-----+--------+

Top non-repeatable levels by time:
     D:2: 1155 daAuts
     D:3: 944 daAuts
     D:1: 869 daAuts
     D:4: 821 daAuts
  Temple: 27 daAuts
